 Dungeon Crawl Stone Soup version 0.30-a0-782-ge64f9170bb (webtiles) character file.

Game seed: 770799117759460055

12961 tilp the Carver (level 12, -6/106 HPs)
             Began as a Meteoran Fighter on Feb 18, 2023.
             Was an Elder of Okawaru.
             Killed by divine providence
             ... invoked by an orc priest
              (13 damage)
             ... on level 2 of the Orcish Mines.
             The game lasted 00:24:46 (4854 turns).

tilp the Carver (Meteoran Fighter)                  Turns: 4854, Time: 00:24:47

Health: -6/106     AC: 19    Str: 18    XL:     12   Next: 57%
Magic:  19/21      EV: 12    Int: 10    God:    Okawaru [****..]
Gold:   775        SH: 14    Dex: 25    Spells: 11/11 levels left

rFire   . . .      SeeInvis .    a - +4 scimitar
rCold   . . .      Faith    .    y - +0 kite shield
rNeg    . . .      Spirit   .    B - +0 plate armour
rPois   +          Reflect  .    r - +1 hat {Stlth+}
rElec   .          Harm     .    l - +0 cloak
rCorr   .          Rampage  .    (no gloves)
Will    +....                    J - +0 pair of boots Stlth
                                 u - amulet of regeneration
HPRegen 1.17/turn                f - +6 ring of dexterity
MPRegen 0.17/turn                v - ring of poison resistance

@: heroic, glowing
A: sense surroundings 2, otherworldly, glowing, explore regen
a: Renounce Religion, Heroism, Finesse


You were on level 2 of the Orcish Mines.
You worshipped Okawaru.
Okawaru was greatly pleased with you.
You visited 3 branches of the dungeon, and saw 15 of its levels.

You collected 775 gold pieces.

Inventory:

Hand Weapons
 a - a +4 scimitar (weapon)
 b - a +3 dagger of freezing
 j - a +3 long sword of protection
 H - a +0 scimitar
 I - a +0 rapier
Missiles
 d - 5 javelins
 k - 19 poisoned darts (quivered)
 n - 14 boomerangs
 L - 5 atropa-tipped darts
Armour
 l - a +0 cloak (worn)
 r - a +1 hat of stealth (worn)
 s - the +4 ring mail of the Echidna {Rampage Will+}
   (You found it on level 9 of the Dungeon)

   Rampage:   It bestows one free step when moving towards enemies.
   Will:      It increases your willpower.
 y - a +0 kite shield (worn)
 B - a +0 plate armour (worn)
 J - a +0 pair of boots (worn)
 K - a +0 chain mail
Jewellery
 f - a +6 ring of dexterity (left hand)
 t - a +6 ring of intelligence
 u - an amulet of regeneration (around neck)
 v - a ring of poison resistance (right hand)
 C - a ring of flight
Wands
 c - a wand of polymorph (1)
 i - a wand of light (5)
 q - a wand of digging (8)
 F - a wand of iceblast (4)
 G - a wand of flame (20)
Scrolls
 e - a scroll of enchant weapon
 h - 3 scrolls of fog
 m - a scroll of teleportation
 o - a scroll of fear
 z - 2 scrolls of identify
 D - a scroll of magic mapping
 M - a scroll of immolation {unknown}
Potions
 g - a potion of cancellation
 p - 8 potions of curing
 w - a potion of magic
 x - 3 potions of lignification
 A - a potion of ambrosia
 E - 2 potions of flight
 N - a potion of might


   Skills:
 * Level 10.0(15.0) Fighting
 * Level 11.8(16.8) Long Blades
 - Level 6.0(11.0) Throwing
 - Level 6.0(11.0) Armour
 + Level 7.5(12.5) Dodging
 - Level 6.0(11.0) Shields
 * Level 10.7 Invocations
 - Level 6.0 Evocations


You had 11 spell levels left.
You didn't know any spells.
Your spell library contained the following spells:

 Spells                   Type           Power      Damage    Failure   Level
 Sting                    Tmut/Pois      0%         1d3       100%        1
 Poisonous Vapours        Pois/Air       0%         N/A       100%        2
 Ignite Poison            Fire/Tmut/Pois 0%         N/A       100%        3
 Olgreb's Toxic Radiance  Pois           0%         N/A       100%        4
 Sticky Flame             Conj/Fire      0%         2d3       100%        4
 Ignition                 Fire           0%         3d3       100%        8


Dungeon Overview and Level Annotations

Branches:
Dungeon (12/15) Zot: 2600  Temple (1/1) D:7 Zot: 548    Lair (0/5) D:10
    Orc (2/2) D:11 Zot: 1003     Elf (0/3) Orc:2

Altars:
Ashenzari
Dithmenos
Elyvilon
Gozag
Hepliaklqana
Okawaru
Qazlal
Ru
Sif Muna
Trog
Vehumet
Wu Jian
Yredelemnul
The Shining One

Shops:
D:3 :

Annotations:
D:11 4 skeletal warriors!, exclusion: ice statue


Innate Abilities, Weirdness & Mutations

You passively map the area around you.
You are easily found by Zot.
You glow in the dark.
You regain HP and MP as you explore.


Message History

Unknown command.
You feel better.
The orc warrior no longer looks unusually strong.
You block the warg's attack.
The orc warrior hits you but does no damage.
You block the orc warrior's attack.
The orc warrior hits you with a +0 hand axe.
* * * LOW HITPOINT WARNING * * *
The orc priest looks encouraged for a moment.
You feel better. The warg bites you!
* * * LOW HITPOINT WARNING * * *
The orc warrior closely misses you. The orc warrior completely misses you.
You block the warg's attack.
You feel better. The orc warrior barely misses you.
You block the orc warrior's attack.
The orc warrior hits you with a +0 hand axe.
* * * LOW HITPOINT WARNING * * *
You block the warg's attack.
You slash the warg!
The warg is almost dead.
The warg barely misses you. You block the orc warrior's attack. x2
The orc warrior hits you but does no damage.
You slash the warg!
You kill the warg!
Okawaru accepts your kill. You block the orc warrior's attack.
The orc warrior barely misses you.
The orc warrior hits you but does no damage.
The orc priest mumbles some strange prayers to Beogh against you.
Beogh smites you!
* * * LOW HITPOINT WARNING * * *
Your base Fighting skill increases to level 10!
Unknown command.
You feel more confident with your borrowed prowess.
You block the orc warrior's attack.
The orc warrior hits you but does no damage.
The orc warrior hits you with a +0 hand axe!
* * * LOW HITPOINT WARNING * * *
The orc priest calls down the wrath of Beogh upon you.
Beogh smites you!
You die...

,,,,,,,,,,,,,,,,,,,,_,,,,,,,,,,,,
,,,**,,,,,,,,,,,,,,,,,,,,,,,,,,,,
,,,,,,,,,,,,,8,,,,,,,,,,,,,,8,,,,
,,,,,,,<,,,*****,,,,,,,,,*****,,,
,,,,,,,,,,,,***,,,,,,,,,,,***,,,,
,,,,,,.,,,,,**,,,*,,...#,,,**,,,,
,,,,,,..,,,**,,,*#.....#*,,,**,,,
,,,,,,...,,*,,,###8...8#**,,,*,,,
,,,,,,....,*∩,##@#.....# **,∩*,,,
,,,,,,.....####oo#.....######*,,,
,,,,,,......)(ooo#...........**,,
,,,,,,......).)o.............,**,
,,,,,,.$......))......#...#*,****
,,,,,,...............).#.#**** *
,,,,,,..................#* *
,,,,,,.........##.......#
,,,,,,......#.####.....##


You could see 4 orc warriors, an orc priest and an orc.

Vanquished Creatures
  Gastronok (D:9)
  A two-headed ogre (D:10)
  2 orc knights (Orc:2)
  Maggie (D:9)
  A komodo dragon (D:10)
  3 trolls
  A shadow (D:11)
  17 yaks
  A wraith (D:11)
  A wyvern (D:9)
  2 steam dragons (D:8)
  4 vampire mosquitoes (D:10)
  A warg (Orc:2)
  Menkaure (D:6)
  Duvessa (D:4)
  3 acid dragons (D:8)
  A water moccasin (D:7)
  3 ice beasts
  8 orc warriors
  4 sky beasts (D:8)
  5 ogres
  2 phantoms
  13 centaurs
  A kobold brigand (D:9)
  3 bullfrogs
  A necrophage (D:8)
  2 gnoll sergeants
  7 wights
  Dowan (D:4)
  4 killer bees (D:10)
  A howler monkey (D:5)
  7 hounds
  5 orc priests
  3 gnoll boudas
  An iguana (D:4)
  11 orc wizards
  21 gnolls
  4 adders
  2 shadow imps
  A white imp (D:5)
  3 worms
  2 dart slugs
  24 orcs
  3 endoplasms
  2 giant cockroaches
  2 hobgoblins
  7 kobolds
  3 ball pythons
  A bat (D:3)
  7 goblins
  3 rats
209 creatures vanquished.

Vanquished Creatures (others)
  A bullfrog (D:8)
1 creature vanquished.

Grand Total: 210 creatures vanquished

Notes
Turn   | Place    | Note
-------+----------+-------------------------------------------
     0 | D:1      | tilp the Meteoran Fighter began the quest for the Orb.
     0 | D:1      | Reached XP level 1. HP: 19/19 MP: 2/2
   103 | D:4      | Found Etutzec's Distillery.
   109 | D:3      | Found Pavaa's Book Shoppe.
   126 | D:3      | Reached XP level 2. HP: 26/26 MP: 3/3
   151 | D:3      | Noticed a hound
   158 | D:3      | Killed a hound
   159 | D:3      | Reached skill level 3 in Long Blades
   159 | D:3      | Reached skill level 1 in Dodging
   159 | D:3      | Reached XP level 3. HP: 22/33 MP: 4/4
   165 | D:3      | Reached XP level 4. HP: 20/40 MP: 5/5
   177 | D:3      | Found an ornate altar of the Wu Jian Council.
   213 | D:2      | Reached skill level 4 in Long Blades
   287 | D:3      | Reached XP level 5. HP: 40/46 MP: 6/6
   294 | D:4      | Noticed an ogre
   303 | D:4      | Killed an ogre
   304 | D:4      | Reached skill level 5 in Long Blades
   304 | D:4      | Reached XP level 6. HP: 52/52 MP: 7/7
   506 | D:1      | Reached skill level 6 in Long Blades
   803 | D:4      | Reached skill level 1 in Throwing
   803 | D:4      | Reached XP level 7. HP: 43/60 MP: 8/8
   944 | D:4      | Found a basalt altar of Yredelemnul.
   971 | D:5      | Entered Level 5 of the Dungeon
   991 | D:4      | Noticed Duvessa
   993 | D:4      | Noticed Dowan
  1009 | D:4      | Killed Duvessa
  1016 | D:4      | Killed Dowan
  1017 | D:4      | Reached skill level 5 in Fighting
  1017 | D:4      | Reached skill level 7 in Long Blades
  1109 | D:5      | Found a hazy altar of Hepliaklqana.
  1160 | D:5      | Reached XP level 8. HP: 68/68 MP: 9/9
  1463 | D:5      | Reached skill level 8 in Long Blades
  1549 | D:6      | Noticed Menkaure
  1555 | D:6      | Killed Menkaure
  1613 | D:6      | Gained mutation: You passively map the area around you.
                  | [Meteoran growth]
  1613 | D:6      | Reached XP level 9. HP: 78/78 MP: 10/10
  1997 | D:7      | Found a staircase to the Ecumenical Temple.
  2018 | D:7      | Reached skill level 9 in Long Blades
  2022 | D:7      | Reached skill level 5 in Dodging
  2058 | Temple   | Entered the Ecumenical Temple
  2101 | Temple   | Became a worshipper of Warmaster Okawaru
  2203 | D:7      | Reached skill level 1 in Invocations
  2203 | D:7      | Reached skill level 1 in Evocations
  2398 | D:9      | Noticed Maggie
  2403 | D:9      | Reached XP level 10. HP: 79/88 MP: 12/12
  2422 | D:9      | Killed Maggie
  2422 | D:9      | Reached * piety under Okawaru
  2423 | D:9      | Reached skill level 10 in Long Blades
  2732 | D:8      | Reached skill level 5 in Invocations
  2881 | D:8      | Found a broken altar of Ashenzari.
  2932 | D:9      | Found a shadowy altar of Dithmenos.
  3041 | D:8      | Reached ** piety under Okawaru
  3064 | D:8      | Found a radiant altar of Vehumet.
  3228 | D:9      | Noticed Gastronok
  3248 | D:9      | Killed Gastronok
  3248 | D:9      | Reached *** piety under Okawaru
  3249 | D:9      | Reached XP level 11. HP: 67/95 MP: 18/18
  3282 | D:9      | Identified the +4 ring mail of the Echidna {Rampage Will+}
  3393 | D:9      | Found an opulent altar of Gozag.
  3531 | D:10     | Entered Level 10 of the Dungeon
  3597 | D:10     | Noticed a two-headed ogre
  3607 | D:10     | Killed a two-headed ogre
  3607 | D:10     | Reached **** piety under Okawaru
  3608 | D:10     | Reached skill level 5 in Throwing
  3608 | D:10     | Reached skill level 5 in Armour
  3608 | D:10     | Reached skill level 5 in Shields
  3608 | D:10     | Reached skill level 5 in Evocations
  3627 | D:10     | Received a gift from Okawaru
  3639 | D:10     | Received a gift from Okawaru
  3640 | D:10     | Reached skill level 11 in Long Blades
  4063 | D:10     | Found a staircase to the Lair.
  4102 | D:10     | Reached XP level 12. HP: 92/104 MP: 20/20
  4315 | D:11     | Reached skill level 10 in Invocations
  4459 | D:11     | Found a staircase to the Orcish Mines.
  4536 | D:11     | Noticed a skeletal warrior
  4537 | D:11     | Noticed a skeletal warrior
  4537 | D:11     | Noticed a skeletal warrior
  4537 | D:11     | Noticed a skeletal warrior
  4628 | Orc:1    | Entered Level 1 of the Orcish Mines
  4738 | Orc:2    | Entered Level 2 of the Orcish Mines
  4752 | Orc:2    | Noticed an orc knight
  4772 | Orc:2    | Killed an orc knight
  4772 | Orc:2    | Received a gift from Okawaru
  4811 | Orc:2    | Noticed an orc knight
  4835 | Orc:2    | Killed an orc knight
  4835 | Orc:2    | Received a gift from Okawaru
  4854 | Orc:2    | Reached skill level 10 in Fighting
  4854 | Orc:2    | Killed from afar by an orc priest

Illustrated notes

Levels and vault maps discovered:
D:1:      dpeg_arrival_yet_another_circle, layout_basic
D:2:      layout_loops_ring, uniq_robin
D:3:      layout_basic, old_standard_altar, serial_shops,
          nicolae_shop_hallway_stairs, serial_glass, glass_columns_c,
          glass_columns_c
D:4:      minmay_skewed_foursquare, layout_rooms, lemuel_tele_altar,
          serial_shops, nicolae_shop_behind_doors, uniq_duvessa
D:5:      layout_basic, mainiacjoe_overflow_concentric_impassable,
          minmay_statues_item, due_unseen_surprise
D:6:      layout_cave_pods, palyth_stone_intersect, uniq_menkaure
D:7:      layout_cave_pools, minmay_temple_entry_sparse_star, chequers_arboretum
D:8:      layout_basic, nicolae_ashenzari_skybound, vehumet_altar_wand_db,
          hangedman_misty_isle
D:9:      layout_gridville, grunt_dithmenos_smoke_and_mirrors,
          grunt_gozag_statues, item_on_display_a, uniq_gastronok, uniq_maggie
D:10:     layout_loops_ring, lair_entry_dummy
D:11:     layout_roguey, orc_0_dummy, minivault_16
D:12:     layout_loops_ring, serial_shops, nicolae_stop_n_shop_1,
          grunt_ministairs_15, uniq_jorgrun
Temple:   nicolae_temple_bog_church
Orc:1:    gammafunk_beogh_shrine, layout_caves, serial_shops
Orc:2:    grunt_orc_cross, layout_caves, uniq_josephine

Skill      XL: |  1  2  3  4  5  6  7  8  9 10 11 12 |
---------------+-------------------------------------+-----
Long Blades    | 3 4 5 6 7 8 9 10 11 | 11.8
Dodging        | 1 2 3 4 5 6 7 |  7.5
Fighting       | 4 5 6 8 9 10 | 10.0
Throwing       | 1 2 4 5 6 |  6.0
Armour         | 4 5 6 |  6.0
Shields        | 4 5 6 |  6.0
Invocations    | 2 8 9 10 | 10.7
Evocations     | 2 4 5 6 |  6.0

Action                     |  1- 3 |  4- 6 |  7- 9 | 10-12 || total
---------------------------+-------+-------+-------+-------++-------
  Melee: Long sword        |    20 |   103 |   248 |    80 ||   451
         Scimitar          |       |       |       |   400 ||   400
  Throw: Javelin           |       |       |     2 |       ||     2
 Invoke: Heroism           |       |       |       |     9 ||     9
  Evoke: Wand              |       |       |     1 |     4 ||     5
    Use: Potion            |       |     1 |     1 |     4 ||     6
         Scroll            |       |     6 |     6 |     7 ||    19
   Stab: Invisible         |       |       |       |     5 ||     5
 Armour: Scale mail        |     6 |    37 |   100 |    35 ||   178
         Plate armour      |       |       |       |   134 ||   134
  Dodge: Dodged            |     4 |    37 |   130 |   157 ||   328
  Block: Buckler           |     5 |    21 |    85 |    44 ||   155
         Kite shield       |       |       |       |   247 ||   247

Table legend: (Time is in decaauts)
 A = Elapsed time spent in this place.
 B = Non-inter-level travel time spent in this place.
 C = Inter-level travel time spent in this place.
 D = Time resting spent in this place.
 E = Time spent auto-exploring this place.
 F = Levels seen in this place.
 G = Mean time per level.
                   A        B        C        D        E       F      G
               +--------+--------+--------+--------+--------+-----+--------+
         Total |   4847 |   4089 |    758 |     61 |      0 |  15 |  323.1 |
       Dungeon |   4599 |   3849 |    750 |     27 |      0 |  12 |  383.2 |
        Temple |     51 |     43 |      8 |     34 |      0 |   1 |   51.0 |
  Orcish Mines |    195 |    195 |      0 |      0 |      0 |   2 |   97.5 |
               +--------+--------+--------+--------+--------+-----+--------+

Top non-repeatable levels by time:
     D:8: 785 daAuts
    D:10: 683 daAuts
     D:9: 493 daAuts
     D:6: 479 daAuts
     D:3: 468 daAuts
     D:5: 462 daAuts
     D:4: 413 daAuts
    D:11: 398 daAuts
     D:7: 239 daAuts
   Orc:2: 105 daAuts
     D:2: 102 daAuts
   Orc:1: 89 daAuts
     D:1: 70 daAuts
  Temple: 51 daAuts
    D:12: 1 daAuts
